 Dungeon Crawl Stone Soup version 0.29.1-12-g30fa7ad0bf (webtiles) character file.

Game seed: 8938253913873937038

10 thatblackman the Sneak (level 2, -1/22 HPs)
             Began as a Vampire Brigand on Jan 11, 2023.
             Slain by an adder (2 damage)
             ... on level 2 of the Dungeon on Jan 12, 2023.
             The game lasted 00:04:03 (412 turns).

thatblackman the Sneak (Vampire Brigand)             Turns: 412, Time: 00:04:04

Health: -1/22      AC:  5    Str: 10    XL:     2   Next: 10%
Magic:  2/2        EV: 12    Int: 13    God:
Gold:   12         SH:  0    Dex: 15    Spells: 0/1 levels left

rFire   . . .      SeeInvis +   a - +2 dagger
rCold   . . .      Faith    .   (no shield)
rNeg    . . .      Spirit   .   b - +0 robe
rPois   .          Reflect  .   h - +0 helmet
rElec   .          Harm     .   c - +0 cloak
rCorr   .          Rampage  .   (no gloves)
Will    .....                   i - +0 pair of boots
Stlth   +++.......              (no amulet)
HPRegen 0.27/turn               (no ring)
MPRegen 0.08/turn               (no ring)

@: lethally poisoned (-1 -> -3), healing quickly
A: alive, fangs 3, see invisible, vampiric 1
a: Exsanguinate


You were on level 2 of the Dungeon.
You visited 1 branch of the dungeon, and saw 2 of its levels.

You collected 12 gold pieces.

Inventory:

Hand Weapons
 a - a +2 dagger (weapon)
Missiles
 d - 4 poisoned darts (quivered)
 e - 3 curare-tipped darts
Armour
 b - a +0 robe (worn)
 c - a +0 cloak (worn)
 h - a +0 helmet (worn)
 i - a +0 pair of boots (worn)
Scrolls
 j - a scroll of silence {unknown}
 k - 2 scrolls of identify {unknown}
 l - a scroll of immolation {unknown}
 m - a scroll of fear {unknown}
 p - a scroll of summoning {unknown}
Potions
 f - a potion of attraction {unknown}
 g - a potion of curing {unknown}
 n - a potion of mutation {unknown}
 o - a potion of heal wounds {unknown}


   Skills:
 + Level 2.1 Fighting
 + Level 2.2 Short Blades
 + Level 1.7 Throwing
 + Level 1.1 Dodging
 + Level 6.2 Stealth


You couldn't memorise any spells.
You knew the following spells:

 Your Spells              Type           Power      Damage    Failure   Level
a - Foxfire               Conj/Fire      0%         2x1d4     30%         1

Your spell library contained the following spells:

 Spells                   Type           Power      Damage    Failure   Level
 Scorch                   Fire           0%         2d5       43%         2
 Conjure Flame            Conj/Fire      0%         6-21      67%         3
 Inner Flame              Hex/Fire       0%         N/A       67%         3
 Flame Wave               Conj/Fire      0%         2d4       97%         4
 Summon Cactus Giant      Summ           0%         N/A       100%        6


Dungeon Overview and Level Annotations

Branches:
Dungeon (2/15)

Altars:


Innate Abilities, Weirdness & Mutations

Your natural rate of healing is accelerated.
You have razor-sharp teeth.
You have supernaturally acute eyesight. (SInv)
You are afflicted with vampirism.


Message History

The adder bites you but does no damage. The adder bites you.
Welcome back, thatblackman the Vampire Brigand.
Press ? for a list of commands and other information.
The hobgoblin hits you but does no damage.
The adder bites you. The adder bites you but does no damage.
The hobgoblin misses you.
You hit the rat.
You kill the rat!
The adder bites you but does no damage. The hobgoblin misses you.
The adder barely misses you. The hobgoblin misses you.
The adder completely misses you.
You see here a rat corpse.
The hobgoblin attacks as you move away! The hobgoblin misses you.
The adder attacks as you move away! The adder bites you.
You hit the hobgoblin.
The hobgoblin is severely wounded.
The adder bites you.
You are poisoned.
The adder poisons you! The hobgoblin hits you.
You hit the hobgoblin. Your bite misses the hobgoblin.
The hobgoblin is almost dead.
You feel sick. The adder bites you.
You are lethally poisoned!
The adder poisons you! The hobgoblin hits you.
You barely miss the hobgoblin.
The hobgoblin is severely wounded.
* * * LOW HITPOINT WARNING * * *
You feel sick. The adder closely misses you. The hobgoblin misses you.
The adder bites you but does no damage. The adder attacks as you move away!
The adder bites you but does no damage.
* * * LOW HITPOINT WARNING * * *
You feel sick.
* * * LOW HITPOINT WARNING * * *
You feel sick.
* * * LOW HITPOINT WARNING * * *
You feel sick. The adder attacks as you move away!
The adder closely misses you.
* * * LOW HITPOINT WARNING * * *
You feel sick. The adder bites you.
You die...

....####......#
...#####.####.#
.....##.# #.#
#.##.##.# #.#
#.##.##.# #.#
#.##.#..# #.#
#.##.#(## #.#
#.#....(####.#
#@Sg..†......#
###.....######
##.#.## #....#
#.....# #....##
#.#.## #.#.#


You could see an adder (poisoned) and a hobgoblin.

Vanquished Creatures
  3 goblins (D:1)
  3 hobgoblins (D:1)
  A ball python (D:1)
  2 rats (D:2)
9 creatures vanquished.

Notes
Turn   | Place    | Note
-------+----------+-------------------------------------------
     0 | D:1      | thatblackman the Vampire Brigand began the quest for the
                  | Orb.
     0 | D:1      | Reached XP level 1. HP: 16/16 MP: 1/1
   165 | D:1      | Reached skill level 6 in Stealth
   304 | D:1      | Reached XP level 2. HP: 14/22 MP: 2/2
   307 | D:1      | Learned a level 1 spell: Foxfire
   412 | D:2      | HP: 1/22 [poisoned by an adder]
   412 | D:2      | Slain by an adder

Illustrated notes

Levels and vault maps discovered:
D:1:      dpeg_arrival_tiny_b, layout_loops_ring,
          shapermc_ecumenical_altar_mp_highgroup, serial_shops,
          nicolae_square_shop, minmay_misc_feat_more_columns,
          chequers_serial_rivers_small_3
D:2:      cheibrodos_pilgrimage, layout_loops_ring

Skill      XL: |  1 |
---------------+----+-----
Stealth        | 6 |  6.2
Fighting       | 2 |  2.1
Short Blades   | |  2.2
Throwing       | |  1.7
Dodging        | |  1.1

Action                   || total
-------------------------++-------
Melee: Dagger            ||    18
Throw: Dart              ||    13
 Stab: Sleeping          ||     2
Armor: Robe              ||     9
Dodge: Dodged            ||    19
